AoeStats
← iamlegolas312

Arena

510830553Analyzed
4v4 RM · 1d ago on Oct 2, 2026· 39m 36s· 8 players
Game mode
Random Map
Map size
Large (8 player)
Population
200
Speed
Normal
Resources
Standard
Victory
Conquest
Starting age
Dark Age
Ending age
Imperial Age
RankedLock teamsTeams togetherTeam positionsShared explorationLock speedFull tech treeHidden civsTurbo modeCheats
Victory
Defeat
🇺🇸 Bohemians · United States
968
+14
🇹🇷 Burgundians · Türkiye
965
+14
🇮🇳 Turks · India
917
+16
🇨🇴 Celts · Colombia
895
+17
🇩🇪 Portuguese · Germany
959
-18
🇪🇬 Goths · Egypt
940
-16
🇨🇿 Celts · Czechia
900
-14
🇹🇷 Britons · Türkiye
857
-13
rzR^
10:23 Loom
12:11 Feudal Age
16:24 Castle Age
14:22 Horse Collar
14:30 Double-Bit Axe
14:39 Stone Mining
14:43 Gold Mining
22:25 Scale Mail Armor
30:53 Wheelbarrow
31:17 Bow Saw
31:10 Heavy Plow
31:52 Stone Shaft Mining
31:52 Gold Shaft Mining
33:18 Ballistics
37:29 Imperial Age
36:27 Hand Cart
37:35 Heavy Scorpion
Fingolfin
0:27 Loom
9:26 Feudal Age
12:14 Double-Bit Axe
18:27 Castle Age
18:13 Stone Mining
19:13 Fletching
19:34 Scale Mail Armor
19:42 Gold Mining
19:42 Horse Collar
22:09 Squires
24:24 Bodkin Arrow
26:55 Husbandry
28:22 Wheelbarrow
28:41 Heavy Plow
30:30 Bow Saw
31:28 Hand Cart
30:56 Light Cavalry
33:31 Forging
33:27 Scale Barding Armor
37:33 Imperial Age
35:56 Padded Archer Armor
36:50 Leather Archer Armor
37:21 Iron Casting
37:09 Chain Barding Armor
36:32 Elite Skirmisher
38:59 Bracer
40:02 Ring Archer Armor
39:55 Conscription
40:28 Yeomen
JoeExotic_Hochheim
11:46 Feudal Age
16:05 Castle Age
18:27 Double-Bit Axe
18:45 Horse Collar
22:13 Loom
28:45 Imperial Age
28:48 Wheelbarrow
31:17 Chemistry
31:25 Husbandry
30:45 Cavalier
31:58 Scale Barding Armor
32:04 Forging
31:55 Padded Archer Armor
32:19 Conscription
33:58 Chain Barding Armor
34:14 Iron Casting
33:59 Bloodlines
33:10 Light Cavalry
34:30 Bow Saw
34:23 Heavy Plow
37:41 Gold Mining
Only win
11:08 Feudal Age
14:37 Castle Age
13:38 Double-Bit Axe
13:37 Horse Collar
16:25 Bow Saw
16:53 Gold Mining
19:00 Heavy Plow
18:59 Stone Mining
19:31 Loom
21:48 Man-at-Arms
22:37 Long Swordsman
25:56 Squires
26:32 Scale Mail Armor
27:03 Forging
30:57 Wheelbarrow
32:29 Hand Cart
MrTK
8:49 Double-Bit Axe
12:42 Feudal Age
11:17 Gold Mining
14:38 Loom
16:05 Bow Saw
18:51 Castle Age
17:17 Horse Collar
17:33 Stone Mining
18:49 Heavy Plow
19:58 Wheelbarrow
26:11 Town Watch
27:50 Two-Man Saw
27:31 Stone Shaft Mining
27:35 Gold Shaft Mining
27:35 Crop Rotation
29:19 Scale Barding Armor
31:03 Hand Cart
35:44 Imperial Age
33:20 Town Patrol
34:02 Ballistics
33:25 Treadmill Crane
34:24 Burgundian Vineyards
34:47 Ballistics
34:24 Murder Holes
34:51 Husbandry
34:17 Cavalier
35:46 Fortified Wall
36:55 Forging
36:54 Paladin
37:59 Chain Barding Armor
38:08 Masonry
38:57 Conscription
40:34 Plate Barding Armor
40:35 Iron Casting
TexMex81
12:02 Feudal Age
14:21 Loom
17:03 Castle Age
15:39 Double-Bit Axe
15:36 Horse Collar
18:28 Bow Saw
19:58 Heavy Plow
20:35 Fletching
22:36 Bodkin Arrow
30:41 Imperial Age
30:07 Wheelbarrow
29:18 Town Watch
30:38 Arson
30:53 Squires
30:14 Pikeman
32:02 Hand Cart
33:26 Chemistry
31:54 Capped Ram
32:58 Bracer
34:50 Conscription
36:11 Scale Mail Armor
36:22 Forging
36:18 Halberdier
38:34 Chain Mail Armor
Legolas
12:41 Feudal Age
17:19 Castle Age
26:55 Loom
28:10 Double-Bit Axe
32:09 Horse Collar
32:46 Forging
32:37 Scale Mail Armor
37:18 Imperial Age
38:46 Bow Saw
40:07 Heavy Plow
iamlegolas312
0:27 Loom
10:31 Feudal Age
11:12 Gold Mining
11:09 Double-Bit Axe
13:13 Horse Collar
22:17 Castle Age
20:44 Stone Mining
27:07 Imperial Age
25:19 Bow Saw
25:45 Fervor
27:37 Heavy Plow
28:31 Conscription
32:25 Gold Shaft Mining
32:11 Squires
33:47 Wheelbarrow
34:28 Artillery
36:18 Two-Man Saw
35:45 Caravan
38:06 Forging
38:40 Hand Cart
38:24 Town Watch
40:17 Bloodlines
Connection lost

Rejoining the realm…

Still unreachable

The connection could not be restored.

Session expired

The server has moved on; the page needs a fresh start.